[Event "Early-Titled-Tuesday-Blitz-April-02-2024"]
[Site "Chess.com"]
[Date "2024.04.02"]
[Round "8"]
[White "AnaKuchava"]
[Black "JJDAREK"]
[Result "1/2-1/2"]
[WhiteElo "2183"]
[BlackElo "2331"]
[TimeControl "180+1"]
[EndTime "9:29:22 PDT"]
[Termination "Game drawn - insufficient material"]

1. d4 d6 2. Nf3 g6 3. c4 Bg7 4. Nc3 e5 5. e4 Bg4 6. d5 h5 7.
Be2 Bxf3 8. Bxf3 Bh6 9. g3 Nd7 10. Bg2 Kf8 11. O-O Kg7 12. f4 Ne7 13. f5 f6 14. fxg6 h4 15. Ne2 Nxg6 16. Qd3 Nc5 17. Qf3 Bxc1 18. Raxc1 h3 19. Bh1 a5 20. Qe3 Qe7 21. Bf3 b6 22. Bg4 Rh6 23. Rf3 Rf8 24.
Rcf1 Nh8 25. Kh1 Nf7 26. Bxh3 Ng5 27. Bg2 Nxf3 28. Qxf3 Rfh8 29. g4 Rxh2+ 30. Kg1 R2h4 31. Ng3 Qf7 32. Nf5+ Kf8 33. Nxh4 Rxh4 34. Qxf6 Qxf6 35. Rxf6+ Kg7 36. Rf1 Rxg4 37. Kf2 Nxe4+ 38. Bxe4 Rxe4 39. Rg1+ Kf7 40. Rh1 Kg7 41. Rg1+ Kf8 42. b3 Rf4+ 43. Ke2 Rf7 44. Rh1 Ke7 45. Rh6 Kd7 46. Ke3 c6 47. dxc6+ Kxc6 48. Rh8 Kc5 49. Rc8+ Kb4 50. Rb8 Ka3 51.
Rxb6 Rd7 52. Ra6 Kxa2 53. Rxa5+ Kxb3 54. c5 dxc5 55. Rxc5 Kb4 56. Rxe5 Rc7 57. Re4+ Rc4 58. Rxc4+ Kxc4 1/2-1/2

[Event "Early-Titled-Tuesday-Blitz-April-02-2024"]
[Site "Chess.com"]
[Date "2024.04.02"]
[Round "8"]
[White "Ariadna_Atreides"]
[Black "elcala"]
[Result "1-0"]
[WhiteElo "2197"]
[BlackElo "1820"]
[TimeControl "180+1"]
[EndTime "9:29:22 PDT"]
[Termination "Ariadna_Atreides won by resignation"]

1. d4 d6 2. g3 Nf6 3. Bg2 Nc6 4.
Nf3 g6 5. d5 Nb8 6. O-O Bg7 7. c4 O-O 8. Nc3 c6 9. Nd4 c5 10. Nf3 Na6 11. h3 Nc7 12. a4 Bd7 13.
Qc2 Bf5 14. e4 Bd7 15. Re1 e5 16. dxe6 fxe6 17. e5 dxe5 18. Nxe5 Nfe8 19. Bf4 Rb8 20. Rad1 Bxe5 21. Bxe5 Qe7 22. Qd2 Rd8 23. Qh6 Rf7 24. b3 b6 25. Ne4 Qf8 26. Qxf8+ Rxf8 27. Nf6+ Nxf6 28. Bxc7 Rc8 29. Be5 Bc6 30. Rd6 Bxg2 31. Kxg2 Rce8 32. Red1 Kf7 33. f4 Ne4 34. Rd7+ Re7 35.
Rxe7+ Kxe7 36. Kf3 Nf6 37. Bd6+ Kf7 38. Bxf8 Kxf8 39. Rd8+ Kf7 40. Ra8 Kg7 41. Rxa7+ Kh6 42. Rb7 Nh5 43. Rxb6 Ng7 44. a5 Nf5 45. a6 Nd4+ 46.
Ke4 e5 47. a7 Nc6 48. Rxc6 Kg7 49. a8=Q h5 50. Qa7+ Kh6 51. Qa6 Kh7 52. Rxg6 Kh8 53. Rb6 Kh7 54. Qa7+ 1-0

[Event "Early-Titled-Tuesday-Blitz-April-02-2024"]
[Site "Chess.com"]
[Date "2024.04.02"]
[Round "8"]
[White "ladytitan"]
[Black "LileKoridze"]
[Result "0-1"]
[WhiteElo "2216"]
[BlackElo "2414"]
[TimeControl "180+1"]
[EndTime "9:29:24 PDT"]
[Termination "LileKoridze won by checkmate"]

1. d4 Nf6 2. c4 e6 3. Nf3 d5 4. Nc3 Bb4 5. cxd5 exd5 6. Bg5 O-O 7. e3 c6 8. Bd3 h6 9. Bh4 Nbd7 10. O-O Re8 11. Qc2 Bd6 12. Rae1 Qc7 13. e4 dxe4 14. Nxe4 Nxe4 15. Bxe4 Rf8 16. Bd3 Nb6 17. Ne5 Nd5 18. a3 Nf4 19. Be4 Be6 20. g3 Nd5 21. Bh7+ Kh8 22. Ng6+ fxg6 23. Rxe6 Kxh7 24. Qxg6+ Kg8 25. Rxd6 Rae8 26. Re6 Qd7 27. Rxe8 Qxe8 28. Qg4 Qf7 29. h3 Ne3 30. Qe2 Nxf1 31. Kxf1 g5 32. Bxg5 hxg5 33. Kg2 Qd5+ 34. Kg1 Qf5 35. g4 Qf6 36. Qe3 Rd8 37.
Qb3+ Qf7 38. Qe3 Rd5 39. b4 Kg7 40. Qd3 Qf4 41. Qe2 Rd7 42. Qe6 Qxd4 43. Qf5 Qd1+ 44. Kh2 Qd6+ 45. Kg1 Qd5 46. Qc2 Rf7 47. Qb2+ Kg8 48.
Qe2 Qf3 49. Qe8+ Kg7 50. Qe5+ Kh7 51. Qe1 Qxh3 52. Qb1+ Kg8 53. Qa1 Qxg4+ 54. Kf1 Qf5 55. Qc3 Qxf2# 0-1

[Event "Early-Titled-Tuesday-Blitz-April-02-2024"]
[Site "Chess.com"]
[Date "2024.04.02"]
[Round "8"]
[White "toninhojit"]
[Black "lefonghua"]
[Result "1/2-1/2"]
[WhiteElo "2497"]
[BlackElo "2606"]
[TimeControl "180+1"]
[EndTime "9:29:25 PDT"]
[Termination "Game drawn by repetition"]

1. c4 Nf6 2. Nc3 g6 3. e4 d6 4. d4 Bg7 5. Be2 O-O 6. Bg5 c5 7. d5 h6 8. Be3 e6 9. Qd2 exd5 10. exd5 Kh7 11. h3 Re8 12. Nf3 Bf5 13. O-O Ne4 14. Nxe4 Bxe4 15. Ne1 Nd7 16. Bd3 Bxd3 17. Nxd3 Qh4 18. Rac1 Ne5 19. Nxe5 Bxe5 20. f4 Bg7 21. Bf2 Qf6 22. b3 Re4 23. Bg3 Rae8 24. Rce1 Qd4+ 25. Qxd4 Bxd4+ 26. Kh2 f5 27. Rxe4 Rxe4 28. Re1 Kg7 29. Rxe4 fxe4 30. Be1 Kf6 31. g4 h5 32. Kg3 Be3 33. Bc3+ Kf7 34. g5 a6 35. h4 b5 36.
Be1 Bc1 37. Ba5 b4 38. Bd8 Bd2 39. Bf6 Be1+ 40. Kh3 Bf2 41. Bb2 e3 42. Kg2 Bxh4 43. Kf3 Be1 44. Kxe3 Bc3 45. Bc1 h4 46. Kf3 Be1 47.
Kg4 Bf2 48. Bd2 a5 49. Bc1 Be1 50. Be3 Ke7 51. Bg1 Kf7 52. Bh2 Bf2 53. Kf3 Be1 54.
Kg4 Ke7 55. Bg1 Bg3 56. Be3 Kf7 57. Bd2 Bf2 58. Bc1 Be1 59. Be3 Ke7 60. Bg1 1/2-1/2

[Event "Early-Titled-Tuesday-Blitz-April-02-2024"]
[Site "Chess.com"]
[Date "2024.04.02"]
[Round "8"]
[White "Revan_2002"]
[Black "vladislavkovalev"]
[Result "1-0"]
[WhiteElo "2735"]
[BlackElo "2876"]
[TimeControl "180+1"]
[EndTime "9:29:26 PDT"]
[Termination "Revan_2002 won by resignation"]

1. d4 Nf6 2. c4 e6 3. Nf3 b6 4.
a3 Bb7 5. Nc3 d5 6. cxd5 exd5 7.
Bg5 h6 8. Bxf6 Qxf6 9. g3 Be7 10. Bg2 O-O 11. O-O Nd7 12. Rc1 c6 13. e4 dxe4 14.
Nxe4 Qg6 15. Re1 Rfe8 16. Qb3 Bf8 17. Nh4 Qe6 18. Qxe6 Rxe6 19. Bh3 Rxe4 20. Rxe4 Nf6 21. Ree1 Rd8 22. Bg2 Rxd4 23. Bxc6 Bxc6 24. Rxc6 Rd2 25. b4 Ra2 26. Rd1 Rxa3 27. Rd8 Nh7 28. Nf5 g6 29.
Ne3 Kg7 30. Nd5 Rd3 31. Rd7 Ng5 32. Kg2 Ne6 33. Rxe6 Rxd5 34. Rxd5 fxe6 35. Rd7+ Kf6 36. b5 Bc5 37. Rxa7 g5 38. g4 Kg6 39. f3 h5 40. h3 h4 41. Kf1 Kf6 42. Ke2 Ke5 43. Rf7 Bd4 44. Kd3 Bc5 45. Ke2 Bd4 46. f4+ gxf4 47.
Kf3 Kd5 48. g5 e5 49. g6 Ke6 50. Ke4 Bb2 51. Rf5 f3 52. Rxf3 1-0

[Event "Early-Titled-Tuesday-Blitz-April-02-2024"]
[Site "Chess.com"]
[Date "2024.04.02"]
[Round "8"]
[White "JimDiGrease"]
[Black "Hikaru"]
[Result "0-1"]
[WhiteElo "2966"]
[BlackElo "3261"]
[TimeControl "180+1"]
[EndTime "9:29:27 PDT"]
[Termination "Hikaru won on time"]

1. d4 c5 2. d5 Nf6 3. c4 e5 4. Nc3 d6 5. e4 g6 6. Be2 Bg7 7. h4 h5 8. Bg5 a6 9. Qd2 Qa5 10.
Nh3 Nbd7 11. f3 b5 12. cxb5 O-O 13. Nf2 axb5 14. Nxb5 Qb6 15. Be3 Ba6 16. a4 Rfb8 17. O-O Ne8 18. b4 Qd8 19. bxc5 Nxc5 20. Rfb1 Rb7 21. Bg5 Bf6 22. Bxf6 Nxf6 23. Nd3 Nxd3 24.
Bxd3 Rb6 25. Nc3 Nd7 26. Bxa6 Rbxa6 27. Qg5 Qc7 28. Nb5 Qb6+ 29. Kh2 Nc5 30. Qe7 Qd8 31. Qxd8+ Rxd8 32. a5 Rb8 33. Nc7 Rxb1 34. Rxb1 Rxa5 35. Rb8+ Kh7 36. Rd8 Nd3 37. Ne8 Ra2 38. Rd7 Nf4 39. Rxf7+ Kg8 40. Nxd6 Rxg2+ 41. Kh1 Rg3 42. Re7 Rxf3 43.
Rxe5 Rh3+ 44. Kg1 Rxh4 45. Re8+ Kg7 46. Re7+ Kf6 47. Nc8 Rg4+ 48. Kf1 Nd3 49. d6 Nc5 50. e5+ Kf5 51. e6 Nxe6 52. d7 Rd4 53. Nb6 Nc5 54.
Re8 Nxd7 55. Rd8 Rf4+ 0-1

[Event "Early-Titled-Tuesday-Blitz-April-02-2024"]
[Site "Chess.com"]
[Date "2024.04.02"]
[Round "8"]
[White "Rawnsdale"]
[Black "Kopytkin"]
[Result "0-1"]
[WhiteElo "2524"]
[BlackElo "2416"]
[TimeControl "180+1"]
[EndTime "9:29:29 PDT"]
[Termination "Kopytkin won by resignation"]

1. e4 Nf6 2. e5 Nd5 3. d4 d6 4. c4 Nb6 5. Nf3 g6 6. Nc3 Bg7 7. exd6 cxd6 8. Be2 O-O 9. O-O Bg4 10.
b3 d5 11. c5 Nc8 12. Bf4 Nc6 13. Ne5 Bxe2 14. Nxe2 f6 15. Nxc6 bxc6 16. Rc1 e5 17. dxe5 fxe5 18. Bg3 Ne7 19. Re1 Nf5 20. b4 a6 21. a4 Rb8 22. Qd3 Rxb4 23. Qxa6 Qa8 24. Qxa8 Rxa8 25. Nc3 Nxg3 26. hxg3 e4 27. Ne2 Raxa4 28. Nf4 Kf7 29. f3 e3 30. Kh2 d4 31. Rcd1 Ra5 32. Rb1 Rab5 33. Ra1 Rb3 34. Ra7+ Rb7 35. Ra6 g5 36. Nh3 Rb1 37. Rxb1 Rxb1 38.
Rxc6 e2 39. Nxg5+ Kf8 40. Rc8+ Ke7 41. Rc7+ Ke8 42. Rxg7 e1=Q 43. Kh3 Qh1+ 44. Kg4 h5+ 45. Kf5 Re1 46. Rg8+ Kd7 47. Ne4 Rxe4 48. Kxe4 Qxg2 49.
Kxd4 Qxf3 50. Rg7+ Kc6 51. Rg6+ Kb5 52. Rb6+ Ka5 53.
Ke5 Qxg3+ 54. Kd5 Qf3+ 55. Kd6 h4 56. Rb7 Qxb7 57. c6 Qxc6+ 58. Kxc6 h3 59. Kd5 h2 60. Ke4 h1=Q+ 61. Kf4 Qh3 62. Kg5 Qh2 63. Kg6 Qe5 0-1

[Event "Early-Titled-Tuesday-Blitz-April-02-2024"]
[Site "Chess.com"]
[Date "2024.04.02"]
[Round "8"]
[White "Radzio1987"]
[Black "ChessQueen"]
[Result "1-0"]
[WhiteElo "2898"]
[BlackElo "2724"]
[TimeControl "180+1"]
[EndTime "9:29:31 PDT"]
[Termination "Radzio1987 won by resignation"]

1. c4 f5 2. g3 Nf6 3. Bg2 g6 4. Nc3 Bg7 5. d3 O-O 6. e4 d6 7. Nge2 e5 8. O-O Nc6 9. h3 Be6 10. exf5 gxf5 11. Be3 f4 12. gxf4 Qc8 13. Kh2 Nh5 14.
fxe5 dxe5 15. Rg1 Kh8 16. Ne4 Nf4 17. Nxf4 exf4 18. Bc5 f3 19. Bxf8 Be5+ 20. Ng3 fxg2 21. Bh6 Bxh3 22. Qh5 Bg4 23. Qg5 Qe6 24. Rae1 Rg8 25.
Qe3 Nd4 26. Qxe5+ Qxe5 27. Rxe5 Nf3+ 28. Kxg2 Nxe5 29. Re1 Nxd3 30. Re7 Nxb2 31. Rxc7 Be6 32. Be3 Rd8 33. Bg5 Rf8 34. Ne4 Nxc4 35. Bf6+ Kg8 36. Rg7+ Kh8 37. Re7+ Kg8 38. Rxe6 b5 39. Re7 Rf7 40.
Re8+ Rf8 41. Rxf8+ Kxf8 42. Bd4 a5 43. f4 Kf7 44. f5 h6 45. Kf3 b4 46. Nc5 Nd6 47. Kf4 Nb5 48. Bb2 Nd6 49. Bc1 Nb5 50.
Bd2 Nd4 51. Nb3 Nc6 52. Ke4 a4 53. Nc5 b3 54. axb3 axb3 55. Nxb3 h5 56. Nd4 Ne7 57.
Bg5 Ng8 58. Nf3 Kg7 59. Ne5 Nf6+ 60. Bxf6+ Kxf6 61. Kf4 1-0

[Event "Early-Titled-Tuesday-Blitz-April-02-2024"]
[Site "Chess.com"]
[Date "2024.04.02"]
[Round "8"]
[White "Matibar"]
[Black "Durarbayli"]
[Result "1-0"]
[WhiteElo "2749"]
[BlackElo "2916"]
[TimeControl "180+1"]
[EndTime "9:29:33 PDT"]
[Termination "Matibar won by resignation"]

1. e4 c5 2. Nf3 d6 3. c3 Nf6 4. Bd3 Nc6 5. Bc2 d5 6. e5 Ng4 7. d4 e6 8. h3 Nh6 9. O-O Bd7 10. Re1 Rc8 11. a3 Be7 12. Bxh6 gxh6 13. b4 cxd4 14.
cxd4 a5 15. b5 Na7 16. a4 Bb4 17. Re2 Qe7 18. Nbd2 Rc3 19. Nf1 Nc8 20. Ne3 Nb6 21. Ng4 Rxf3 22. gxf3 Qh4 23. Kh2 h5 24. Nf6+ Kd8 25.
Qd3 Be7 26. Rg1 Bxf6 27. exf6 Nc4 28. Bb3 Nd6 29. f4 Qxf6 30. Qe3 Nf5 31. Qe5 Qxe5 32. dxe5 Nd4 33. Re3 Kc7 34. Bd1 Kb6 35. Bxh5 Be8 36.
Rd3 Nf5 37. Bg4 Ne7 38. Rc1 h5 39. Bf3 Ng6 40. Rc8 Nxf4 41. Rd1 Ng6 42. Re1 Nh4 43. Bh1 Ng6 44. Re3 Bd7 45. Rxh8 Nxh8 46. Kg3 Ng6 47. h4 d4 48. Rd3 Kc5 49. f4 b6 50. Be4 Kc4 51. Rd1 Kc3 52. Rc1+ Kb4 53. Rc7 Be8 54. Rc8 Bd7 55. Rd8 Kxa4 56. Rxd7 Kxb5 57. Rxf7 a4 58.
Bxg6 Ka6 59. Rf8 Kb7 60. Rd8 a3 61. Rxd4 1-0

[Event "Early-Titled-Tuesday-Blitz-April-02-2024"]
[Site "Chess.com"]
[Date "2024.04.02"]
[Round "8"]
[White "GlavkonVVS"]
[Black "MarijaKuznecova"]
[Result "0-1"]
[WhiteElo "2628"]
[BlackElo "2432"]
[TimeControl "180+1"]
[EndTime "9:29:35 PDT"]
[Termination "MarijaKuznecova won on time"]

1. c4 c5 2. g3 Nc6 3. Nc3 e5 4. Bg2 d6 5. Nf3 g6 6. d3 Bg7 7. a3 Nge7 8. Rb1 a5 9. O-O O-O 10. Ne1 Be6 11. Nc2 d5 12. b3 f5 13. e4 fxe4 14.
cxd5 Nxd5 15. Nxe4 b6 16. Bg5 Qd7 17. Ne3 h6 18.
Nxd5 Bxd5 19. Be3 Nd4 20. b4 cxb4 21. axb4 a4 22. Bxd4 exd4 23. Nd2 Rfc8 24. Nc4 Bxg2 25. Kxg2 b5 26. Na5 Bf8 27. Qf3 a3 28. Rfe1 Bxb4 29.
Rxb4 Rxa5 30. Qe4 Qf5 31. Qb7 Rf8 32. f4 a2 33. Ra1 Qe6 34. Qf3 Re8 35. Rxd4 Qe2+ 36.
Qxe2 Rxe2+ 37. Kf3 Rb2 38. Rd7 Rb1 39. Rxa2 Rxa2 40. Rb7 Ra3 41. f5 gxf5 42. Kf4 Rxd3 43. Ke5 Re3+ 44. Kf6 Kf8 45. Rb8+ Re8 46. Rb7 Rc8 47.
Rh7 Ke8 48. Rh8+ Kd7 49. Rh7+ Kd6 50. Rxh6 b4 51. Kxf5+ Kd5 52. Rh5 b3 53. Kf4+ Kd4 54.
Rh7 Rf1+ 55. Kg4 Rg8+ 0-1

[Event "Early-Titled-Tuesday-Blitz-April-02-2024"]
[Site "Chess.com"]
[Date "2024.04.02"]
[Round "8"]
[White "Flaccidmoves"]
[Black "NowInChess"]
[Result "1-0"]
[WhiteElo "2427"]
[BlackElo "2253"]
[TimeControl "180+1"]
[EndTime "9:29:37 PDT"]
[Termination "Flaccidmoves won on time"]

1. c4 e5 2. g3 Nf6 3. Bg2 d6 4. Nc3 g6 5. Nf3 Nc6 6. d4 exd4 7. Nxd4 Nxd4 8. Qxd4 Bg7 9. O-O O-O 10. Qh4 Nh5 11. Qxd8 Rxd8 12. Bg5 Bf6 13. Bxf6 Nxf6 14.
Rad1 c6 15. Rd2 Be6 16. b3 d5 17. cxd5 Nxd5 18. Nxd5 Bxd5 19. Bxd5 cxd5 20. Rfd1 Rac8 21. e4 d4 22. Rxd4 Rxd4 23. Rxd4 Rc2 24. Rd7 Rxa2 25.
Rxb7 Rb2 26. Kg2 a5 27. Rb5 Kg7 28. h4 h5 29. Kf3 Kf6 30. Ke3 Ke6 31. f3 Rc2 32. g4 Rc3+ 33. Kf4 hxg4 34. fxg4 f6 35. Rb6+ Ke7 36. g5 fxg5+ 37. hxg5 Kf7 38. Rf6+ Kg7 39. Rb6 Kf7 40. Rb5 Ke6 41. Re5+ Kf7 42. Rxa5 Rxb3 43. Ke5 Rg3 44. Ra7+ Ke8 45. Kf6 Re3 46. e5 Kd8 47.
e6 Rf3+ 48. Kxg6 Ke8 49. Kg7 Rh3 50. g6 Rg3 51. Kh7 Rh3+ 52. Kg8 Rg3 53. g7 Rg1 54. Ra3 Ke7 55. Rf3 Kxe6 56. Kf8 Rh1 57. g8=Q+ 1-0

[Event "Early-Titled-Tuesday-Blitz-April-02-2024"]
[Site "Chess.com"]
[Date "2024.04.02"]
[Round "8"]
[White "ActorXu"]
[Black "Yan_Dyomin2010"]
[Result "1-0"]
[WhiteElo "2849"]
[BlackElo "2700"]
[TimeControl "180+1"]
[EndTime "9:29:40 PDT"]
[Termination "ActorXu won by resignation"]

1. e4 c5 2. Nf3 Nc6 3. Bb5 Nf6 4. Nc3 Qc7 5. O-O Nd4 6. Re1 a6 7. Bf1 Ng4 8. g3 Nxf3+ 9. Qxf3 Ne5 10. Qe2 e6 11. d3 Be7 12. Bg2 O-O 13. f4 Nc6 14. Be3 b6 15. Qf2 Bb7 16. Rad1 d6 17. h4 Rac8 18.
h5 Rfe8 19. g4 b5 20. g5 Nd4 21. h6 g6 22. Rd2 b4 23. Ne2 Nxe2+ 24. Rdxe2 d5 25.
Rf1 dxe4 26. dxe4 c4 27. f5 exf5 28. exf5 Bxg2 29. Kxg2 Bf8 30. fxg6 fxg6 31. Bd4 Rxe2 32. Qxe2 Qc6+ 33. Qf3 Qxf3+ 34. Rxf3 Be7 35. Bf6 Bxf6 36. Rxf6 Rd8 37. Kg3 a5 38. Rc6 Rd5 39. Kf4 b3 40. cxb3 cxb3 41. axb3 Rb5 42. Rc8+ Kf7 43. Rc7+ Ke6 44.
Rxh7 Rb4+ 45. Ke3 Rxb3+ 46. Kd4 Kf5 47. Ra7 Kxg5 48. h7 Rh3 49. Rxa5+ Kf4 50. Ra7 g5 51. Rf7+ Kg3 52. b4 g4 53. b5 Kh2 54. b6 g3 55.
b7 g2 56. b8=Q+ Kh1 57. Rg7 Rh4+ 58. Kd3 g1=Q 59. Rxg1+ 1-0

[Event "Early-Titled-Tuesday-Blitz-April-02-2024"]
[Site "Chess.com"]
[Date "2024.04.02"]
[Round "8"]
[White "vangulio"]
[Black "Kirill_Klukin"]
[Result "0-1"]
[WhiteElo "2562"]
[BlackElo "2807"]
[TimeControl "180+1"]
[EndTime "9:29:40 PDT"]
[Termination "Kirill_Klukin won by resignation"]

1. e4 c5 2. Nf3 Nc6 3. d4 cxd4 4. Nxd4 e5 5. Nb5 d6 6. c4 Be7 7. N1c3 a6 8. Na3 Be6 9. Be2 Bg5 10. O-O Bxc1 11. Rxc1 Nf6 12. Nc2 O-O 13. Qd2 Qb6 14. b4 Rfd8 15. Rfd1 h6 16. Nd5 Bxd5 17. exd5 Ne7 18.
Ne3 Rac8 19. a4 a5 20. c5 Qxb4 21. Qxb4 axb4 22. cxd6 Rxc1 23. Rxc1 Rxd6 24. Rc7 Nfxd5 25. Nxd5 Nxd5 26. Rxb7 Nc3 27. Bf1 Rd1 28. f3 Nxa4 29. Rxb4 Nc3 30. Kf2 g6 31. Bc4 Rd4 32. Rb8+ Kg7 33.
Bb3 Rd7 34. Re8 Kf6 35. Rc8 Nb1 36. Rc6+ Ke7 37. Rc5 Kf6 38. Rc6+ Kg7 39. Rc5 Nd2 40. Bd5 Ra7 41. Ke3 Nb1 42. Be4 Na3 43. Rxe5 Nc4+ 44. Kd4 Nxe5 45. Kxe5 Ra2 46. f4 Ra5+ 47. Kd4 f5 48.
Bf3 Kf6 49. g3 Ra4+ 50. Ke3 Ra2 51. h4 Ke7 52. Bd5 Ra3+ 53. Kf2 Ra7 54. Bc4 Kd6 55. Bd3 Kd5 56. h5 Kd4 57. Bb1 Ra1 58. Bc2 Ra2 59.
hxg6 Rxc2+ 60. Kf3 Rc7 61. g4 Rc3+ 62. Kg2 fxg4 63.
f5 Ke5 64. g7 Rc8 65. f6 Kxf6 66. Kg3 Rg8 67. Kxg4 Kxg7 0-1

[Event "Early-Titled-Tuesday-Blitz-April-02-2024"]
[Site "Chess.com"]
[Date "2024.04.02"]
[Round "8"]
[White "GMthekingindian"]
[Black "Speed-O-Sonic"]
[Result "1/2-1/2"]
[WhiteElo "2237"]
[BlackElo "2440"]
[TimeControl "180+1"]
[EndTime "9:29:40 PDT"]
[Termination "Game drawn by agreement"]

1. e4 c6 2. c4 d5 3. cxd5 cxd5 4. exd5 Nf6 5. d4 g6 6. Bb5+ Nbd7 7. d6 exd6 8. Qe2+ Qe7 9. Bf4 Nd5 10. Bg3 f5 11.
Nh3 a6 12. Qxe7+ Bxe7 13. Ba4 b5 14. Bb3 Bb7 15. Nc3 Nxc3 16. bxc3 Bxg2 17. Nf4 Bxh1 18. Ne6 Ra7 19. Kd2 Be4 20. Re1 Nb6 21. f3 Bd5 22. Bxd6 Bxb3 23. Nc7+ Rxc7 24. Bxc7 Nc4+ 25. Kd3 Bxa2 26. Ra1 Bb3 27. Rxa6 Kf7 28. Ra7 Ba4 29. d5 Kf6 30. Ra6+ Kf7 31. Ra7 Bc5 32. Bb6+ Be7 33. Bc5 Ne5+ 34. Ke2 Re8 35. d6 Nc6 36. Rc7 Kf6 37.
Rxc6 Bxd6+ 38. Kf2 Re6 39. Rxd6 Rxd6 40. Bxd6 Ke6 41.
Bc5 Kd5 42. Bb4 Bd1 43. Ke3 g5 44. Be7 g4 45. fxg4 fxg4 46. Kf4 Ke6 47. Bf8 Kf7 48. Bc5 Ke6 49. Bd4 Kd5 50. Bg7 Kc4 51.
Kg3 Kd3 52. h3 h5 53. hxg4 hxg4 54. Bh8 Kc4 55. Bg7 Kd5 56. Bh8 Ke6 57. Bg7 Kf7 58.
Bd4 Ke8 59. Be5 Kd7 60. Bd4 Kc6 61. Bf6 Bf3 62. Bd4 Kb7 63. Bg7 Ka6 64. Bf6 Ka5 65.
Bg7 Ka4 66. Bf6 Kb3 67. Bg7 Kc4 68. Bf6 b4 69. cxb4 Kxb4 70. Bg5 Kc5 71. Bf4 Kd5 72. Bg5 Ke4 73. Bh4 Kd3 74. Bd8 Ke4 75. Be7 Kd3 1/2-1/2

[Event "Early-Titled-Tuesday-Blitz-April-02-2024"]
[Site "Chess.com"]
[Date "2024.04.02"]
[Round "8"]
[White "OriTaichman"]
[Black "Zkid"]
[Result "0-1"]
[WhiteElo "2566"]
[BlackElo "2880"]
[TimeControl "180+1"]
[EndTime "9:29:42 PDT"]
[Termination "Zkid won by resignation"]

1. e4 c5 2. Nf3 d6 3. d4 cxd4 4.
Nxd4 Nf6 5. Nc3 Nc6 6. Bg5 e6 7. Qd2 a6 8. O-O-O Bd7 9. f4 Be7 10. Kb1 b5 11. Nxc6 Bxc6 12. Bd3 b4 13. Ne2 Nxe4 14.
Bxe4 Bxe4 15. Bxe7 Qxe7 16. Qxb4 d5 17. Qa4+ Qd7 18. Qxd7+ Kxd7 19. Nc3 Bf5 20. Rd2 Rac8 21. Re1 Rc5 22. Ne2 Ke7 23. Nd4 Be4 24. g3 h5 25.
Ka1 h4 26. g4 f6 27. c3 h3 28. Re3 Rh4 29. Rg3 g6 30. b4 Rc4 31. Kb2 e5 32. Ne2 Ke6 33. a4 Bg2 34. fxe5 fxe5 35. b5 Rxa4 36.
bxa6 Rxa6 37. c4 d4 38. Nxd4+ exd4 39. Rxd4 Rh8 40. Re3+ Kf6 41. g5+ Kxg5 42. Rg3+ Kf6 43. Rf4+ Ke5 44. Rfg4 Rb8+ 45. Kc3 Ra3+ 46. Kd2 Rxg3 47.
Rxg3 Be4 48. c5 Kd4 49. c6 Rb2+ 50. Kc1 Rc2+ 51. Kd1 Rxc6 52. Rxh3 Ra6 53. Ke1 Ra2 54. Kd1 Bd3 55. Ke1 Re2+ 56. Kd1 Kc3 57. Rg3 Rxh2 58. Ke1 Re2+ 59. Kd1 Rf2 60. Rg1 Rf1+ 61. Rxf1 Bxf1 62. Ke1 Bd3 63. Kf2 Kd4 64. Kg3 Bf5 65. Kf4 Kd5 66.
Kg5 Ke5 67. Kh4 Kf6 68. Kg3 g5 0-1

[Event "Early-Titled-Tuesday-Blitz-April-02-2024"]
[Site "Chess.com"]
[Date "2024.04.02"]
[Round "8"]
[White "Tugrik1969"]
[Black "Josgar05"]
[Result "1-0"]
[WhiteElo "2548"]
[BlackElo "2351"]
[TimeControl "180+1"]
[EndTime "9:29:42 PDT"]
[Termination "Tugrik1969 won by resignation"]

1. d4 d5 2. c4 dxc4 3. Nf3 e6 4. e3 Nf6 5. Bxc4 c5 6. O-O a6 7. Nc3 Be7 8. dxc5 Qxd1 9. Rxd1 Bxc5 10. Nd2 b5 11.
Be2 Bb7 12. Nb3 Bb6 13. a4 b4 14. a5 Ba7 15. Na4 Nbd7 16. Bd2 Rb8 17. f3 O-O 18. Rac1 Nd5 19. Kf2 Rfc8 20. Bd3 Rxc1 21. Rxc1 Rc8 22. Rxc8+ Bxc8 23. Ke2 g5 24. g3 h6 25. e4 Ne7 26. Bxb4 Nc6 27. Bc3 Bg1 28. h3 Kf8 29. Nd2 Ke7 30. Nc4 Bb7 31. Nab6 Nc5 32. Bc2 Nd7 33. Nxd7 Kxd7 34. b4 Ne7 35. Nb6+ Ke8 36. Bd3 f5 37. g4 fxg4 38. hxg4 Ng6 39. Kf1 Be3 40. Bg7 Nf4 41. Bc4 Kf7 42. Be5 Ng6 43.
Bd6 Bf4 44. Bc5 Be5 45. b5 axb5 46. Bxb5 Bc7 47. a6 Bxb6 48. Bxb6 Ba8 49. Bd7 Ne7 50.
Kf2 Nc6 51. Ke3 Nb4 52. Bc8 Ke7 53. Bb7 Bxb7 54. axb7 Nc6 55. Bc7 Kd7 56. b8=Q Nxb8 57. Bxb8 Ke7 58. Be5 Kf7 59. Kd4 Kg6 60. Kc5 h5 61.
gxh5+ Kxh5 62. Kd6 g4 63. fxg4+ Kxg4 64. Kxe6 Kf3 65.
Kd5 Kg4 66. Bd6 Kg5 67. Ke6 Kg4 68. e5 Kf4 69. Kf7 1-0

[Event "Early-Titled-Tuesday-Blitz-April-02-2024"]
[Site "Chess.com"]
[Date "2024.04.02"]
[Round "8"]
[White "eljanov"]
[Black "wqws"]
[Result "1-0"]
[WhiteElo "2894"]
[BlackElo "2724"]
[TimeControl "180+1"]
[EndTime "9:29:46 PDT"]
[Termination "eljanov won by resignation"]

1. d4 Nf6 2. Nf3 g6 3. c4 Bg7 4.
Nc3 O-O 5. e4 d6 6. Be2 e5 7.
O-O Nc6 8. d5 Ne7 9. b4 a5 10.
bxa5 Rxa5 11. a4 Nd7 12. Be3 f5 13. Ng5 Nf6 14. Qb3 fxe4 15. Ncxe4 Nf5 16. Nxf6+ Qxf6 17. Bd2 Nd4 18. Qd1 Ra8 19. Be3 Bf5 20. Bd3 h6 21. Ne4 Qh4 22. f3 Bd7 23. c5 dxc5 24. Nxc5 Bf5 25.
Bxf5 Rxf5 26. Rb1 Rh5 27. h3 Nf5 28. Bf2 Qg5 29. Ne4 Qf4 30. g3 Rg5 31. Kh2 Rxg3 32.
Bxg3 Nxg3 33. Nxg3 Rxa4 34. Kg2 e4 35. Qb3 Be5 36.
fxe4 Ra2+ 37. Kh1 Qd2 38. d6+ Kh7 39. Rf7+ Bg7 40. Rxg7+ Kxg7 41. Nf5+ gxf5 42. Qg3+ Kf7 43. Rf1 Qxd6 44. Rxf5+ Ke8 45. Qg8+ Kd7 46. Qxa2 Qd1+ 47. Kh2 c6 48. Rf7+ Kc8 49. Rf2 Qd6+ 50. Kh1 Kc7 51.
Qd2 Qe5 52. Qf4 Qxf4 53. Rxf4 b5 54. Rf6 b4 55. Kg2 b3 56. Rf3 b2 57. Rb3 Kd6 58.
Rxb2 Ke5 59. Kf3 Kd4 60. Rd2+ Ke5 61. Rc2 c5 62. Rxc5+ Kd4 63. Rd5+ 1-0

[Event "Early-Titled-Tuesday-Blitz-April-02-2024"]
[Site "Chess.com"]
[Date "2024.04.02"]
[Round "8"]
[White "MarkusRagger"]
[Black "zverr1"]
[Result "1-0"]
[WhiteElo "2711"]
[BlackElo "2557"]
[TimeControl "180+1"]
[EndTime "9:29:46 PDT"]
[Termination "MarkusRagger won on time"]

1. e4 c5 2. Nf3 Nc6 3. Bb5 h5 4. c3 a6 5. Ba4 b5 6. Bc2 d5 7. d3 g6 8. Be3 d4 9. cxd4 Nxd4 10.
Nxd4 cxd4 11. Bf4 Bg7 12. Bb3 e5 13. Bd2 Ne7 14. Na3 O-O 15. Nc2 a5 16. a4 b4 17.
Bc4 Ba6 18. Bxa6 Rxa6 19. Rc1 Qd7 20. Na1 Rc8 21. Rxc8+ Nxc8 22. O-O Nb6 23. b3 Qc6 24. Qc2 Qxc2 25. Nxc2 Nd7 26. Rb1 Rc6 27. Ne1 Kf8 28. Kf1 Ke7 29. Ke2 Nc5 30. Nf3 f6 31. h3 Rc7 32. g4 hxg4 33. hxg4 g5 34. Be1 Ne6 35. Bd2 Rc2 36. Kd1 Rc6 37. Rc1 Kd6 38. Rxc6+ Kxc6 39. Kc2 Bf8 40. Ng1 Bd6 41. Ne2 Be7 42. Ng3 Nc5 43.
Nf5 Bf8 44. Be1 Ne6 45. f3 Nf4 46. Bg3 Ne2 47. Bf2 Nf4 48. Bxd4 exd4 49. Nxd4+ Kb6 50. Nf5 Ne2 51. Kd2 Ng1 52. Ke3 Bc5+ 53. d4 Bf8 54. e5 fxe5 55. dxe5 Kc6 56. Ke4 Kd7 57. Nd4 Nh3 58. Kf5 Bc5 59. e6+ Kd6 60. Nb5+ Ke7 61. Nc7 Bd6 62. Nd5+ Ke8 63. Ne3 Ng1 64. Nc4 Bc7 65.
Kxg5 Nxf3+ 66. Kf6 Nd4 67. e7 Nxb3 68. g5 Nc5 69. g6 Ne4+ 70. Kf5 Kxe7 71. Kxe4 Kf6 72.
Kd5 Kxg6 73. Kc6 Bd8 74. Kd7 Kf5 75. Kxd8 Ke4 76. Nxa5 Kd4 77. Kc7 1-0

[Event "Early-Titled-Tuesday-Blitz-April-02-2024"]
[Site "Chess.com"]
[Date "2024.04.02"]
[Round "8"]
[White "GodzillaChessYoutube"]
[Black "TrompeterImEther"]
[Result "0-1"]
[WhiteElo "2692"]
[BlackElo "2571"]
[TimeControl "180+1"]
[EndTime "9:29:46 PDT"]
[Termination "TrompeterImEther won by resignation"]

1. Nh3 Nf6 2. d4 g6 3. Nf4 Bg7 4. h4 h5 5. c4 c6 6. Nc3 d5 7. e3 O-O 8. Be2 Bf5 9. Qb3 dxc4 10. Bxc4 b5 11. Be2 Nbd7 12. f3 e5 13. dxe5 Nxe5 14. e4 Bd7 15. Be3 Kh7 16. Rd1 Re8 17. O-O Qc7 18.
Rd2 Be6 19. Nxe6 Rxe6 20. Rfd1 a6 21. a4 Rae8 22. Kf1 Qe7 23. Na2 Ng8 24. Bf2 Bh6 25. Rc2 Nf6 26. Nb4 Qb7 27. a5 R8e7 28. Qc3 Rd7 29. Bg3 Nc4 30. Rxd7 Qxd7 31. Bxc4 bxc4 32.
Qxc4 Qd1+ 33. Be1 Nd5 34. Nxd5 cxd5 35. Qe2 Qb1 36. e5 Bf4 37. Qf2 Rxe5 38. Re2 Qd3 39.
Bc3 Bg3 40. Bxe5 Bxf2 41. Kxf2 Qf5 42. g3 f6 43. Bd4 g5 44. Rd2 Kg6 45. Be3 Qe6 46. Rd4 g4 47. fxg4 hxg4 48. b4 f5 49. Rf4 Qe5 50. Bd4 Qe8 51. Bc5 Qa4 52. Rd4 Qc2+ 53.
Ke3 Qc3+ 54. Kf4 Qf3+ 55. Ke5 Qxg3+ 56. Kxd5 Qf3+ 57. Ke6 g3 58. Rd6 g2 59. Ke7+ Kh5 60.
Rd4 g1=Q 61. Rd6 Qg7+ 0-1